 Dungeon Crawl Stone Soup version 0.32-a0-607-g64ea0e4219 (webtiles) character file.

Game seed: 6239703277298293842

1714520 Kenran the Invulnerable (level 25, 231/231 HPs)
             Began as a Minotaur Hedge Wizard on Mar 4, 2024.
             Was an Initiate of Gozag.
             Escaped with the Orb
             ... and 3 runes!
             The game lasted 01:45:24 (62827 turns).

Kenran the Invulnerable (Minotaur Hedge Wizard)    Turns: 62827, Time: 01:45:24

Health: 231/231    AC: 49    Str: 38      XL:     25   Next: 29%
Magic:  34/34      EV: 10    Int: 11      God:    Gozag
Gold:   8338       SH: 38    Dex: 18 (19) Spells: 27/28 levels left

rFire   + . .        a - +9 broad axe (heavy)
rCold   . . .        c - +3 tower shield of the Forsaken Bones {Slay+2 Stlth+}
rNeg    + + .        R - +9 gold dragon scales
rPois   +            I - +2 hat of Daisies {rN+ Dex+4}
rElec   +            U - +0 cloak "Ytol" {Fly Str+6}
rCorr   .            W - +2 pair of gloves {Str+3}
SInv    +            l - +1 pair of boots of the Ancient Artists {rN+ MP+9 Str+3}
Will    +....        A - amulet of reflection Stlth
                     j - ring "Tez Boic" {rElec Dex+6 SInv}
HPRegen 0.58/turn    P - ring of protection from fire
MPRegen 0.24/turn

%: reflection
@: flying, studying Axes
A: horns 2, retaliatory headbutt, iridescent scales 1, large bone plates 1,
clumsy 1, deterioration 2, frail 1, no potion heal 1, cold vulnerability 1, heat
vulnerability 1, inability to read after injury 1
0: Orb of Zot
}: 3/15 runes: serpentine, barnacled, slimy
a: Renounce Religion, Potion Petition, Call Merchant, Bribe Branch


You escaped.
You worshipped Gozag.
Gozag was greatly pleased with you.
You visited 10 branches of the dungeon, and saw 51 of its levels.
You also visited: Sewer, Bailey, Gauntlet, Ice Cave and Wizlab.

You collected 26080 gold pieces.
You spent 8604 gold pieces at shops.
You paid 9138 gold pieces to Gozag.

Inventory:

Hand Weapons
 a - a +9 heavy broad axe (weapon)
 b - a +4 broad axe of electrocution
Missiles
 x - 5 throwing nets
Armour
 c - the +3 tower shield of the Forsaken Bones (worn) {Slay+2 Stlth+}
   (You found it in a wizard's laboratory)

   Slay+2:    It affects your accuracy & damage with ranged weapons and melee
   (+2).
   Stlth+:    It makes you more stealthy.
 e - a +0 pair of boots
 l - the +1 pair of boots of the Ancient Artists (worn) {rN+ MP+9 Str+3}
   (You bought it in a shop on level 3 of the Elven Halls)

   Str+3:     It affects your strength (+3).
   rN+:       It protects you from negative energy.
   MP+9:      It affects your magic capacity (+9).
 B - the +0 pair of gloves "Ussesh" {rC+ Str+3}
   (You bought it in a shop on level 2 of the Realm of Zot)

   Str+3:     It affects your strength (+3).
   rC+:       It protects you from cold.
 I - the +2 hat of Daisies (worn) {rN+ Dex+4}
   (You acquired it on level 8 of the Dungeon)

   Dex+4:     It affects your dexterity (+4).
   rN+:       It protects you from negative energy.
 R - +9 gold dragon scales (worn)
 U - the +0 cloak "Ytol" (worn) {Fly Str+6}
   (You bought it in a shop on level 2 of the Orcish Mines)

   Str+6:     It affects your strength (+6).
   Fly:       It grants you flight.
 W - a +2 pair of gloves of strength (worn)
Jewellery
 j - the ring "Tez Boic" (left hand) {rElec Dex+6 SInv}
   (You found it on level 4 of the Dungeon)

   [ring of dexterity]

   Dex+6:     It affects your dexterity (+6).
   rElec:     It insulates you from electricity.
   SInv:      It lets you see invisible.
 A - an amulet of reflection (around neck)
 C - a ring of resist corrosion
 P - a ring of protection from fire (right hand)
 Q - a +5 ring of evasion
 T - the amulet of Vitality {Regen++ RegenMP++}
   (You found it on level 5 of the Realm of Zot)

   [amulet of nothing]

   Regen++:   It increases your rate of health regeneration.
   RegenMP++: It increases your rate of magic regeneration.
Wands
 y - a wand of warping (97)
 E - a wand of digging (21)
 H - a wand of paralysis (45)
 J - a wand of acid (28)
 M - a wand of flame (83)
 Z - a wand of mindburst (13)
Scrolls
 g - 2 scrolls of butterflies
 h - 12 scrolls of fog
 o - 9 scrolls of fear
 s - 20 scrolls of teleportation
 v - 12 scrolls of enchant weapon
 z - 4 scrolls of immolation {!r}
 G - 10 scrolls of blinking
 K - 2 scrolls of silence
 L - 8 scrolls of brand weapon
 N - 7 scrolls of revelation
 O - 6 scrolls of poison
Potions
 d - 6 potions of magic
 f - a potion of heal wounds {@q2}
 i - 6 potions of enlightenment
 k - 9 potions of might
 m - 3 potions of resistance
 n - 7 potions of cancellation
 p - 3 potions of ambrosia
 r - 4 potions of haste
 t - 22 potions of curing {@q1}
 D - 3 potions of berserk rage {!q}
 F - 9 potions of lignification {!q}
 V - 4 potions of invisibility
 X - 6 potions of attraction {!q}
Miscellaneous
 q - a box of beasts
 u - a condenser vane
 w - a phantom mirror
 S - a lightning rod (4/4)


   Skills:
 O Level 27 Fighting
 - Level 23.0 Axes
 O Level 27 Armour
 - Level 2.1 Dodging
 - Level 1.5 Stealth
 O Level 27 Shields
 - Level 2.1 Spellcasting
 - Level 0.6 Conjurations
 - Level 0.6 Summonings
 - Level 0.6 Translocations
 + Level 18.6 Evocations


You had 27 spell levels left.
You knew the following spells:

 Your Spells              Type           Power      Damage    Failure   Level
a - Magic Dart            Conj           8%         1d3       65%         1

Your spell library contained the following spells:

 Spells                   Type           Power      Damage    Failure   Level
 Apportation              Tloc           4%         N/A       65%         1
 Summon Small Mammal      Summ           8%         N/A       65%         1
 Foxfire                  Conj/Fire      4%         2x1d4     67%         1
 Kiss of Death            Conj/Necr      4%         2d5       67%         1
 Shock                    Conj/Air       4%         1d3       67%         1
 Sting                    Conj/Alch      4%         1d3       67%         1
 Freeze                   Ice            4%         1d3       73%         1
 Necrotise                Necr           4%         1d4       73%         1
 Sandblast                Erth           2%         2d4       73%         1
 Slow                     Hex            4%         N/A       73%         1
 Blink                    Tloc           4%         N/A       78%         2
 Call Imp                 Summ           4%         N/A       78%         2
 Lesser Beckoning         Tloc           4%         N/A       78%         2
 Momentum Strike          Conj/Tloc      4%         3d8       78%         2
 Static Discharge         Conj/Air       2%         3-4/arc   82%         2
 Cigotuvi's Dreadful Rot  Necr/Alch/Air  2%         N/A       86%         2
 Ensorcelled Hibernation  Hex/Ice        2%         N/A       86%         2
 Jinxbite                 Hex            2%         N/A       86%         2
 Mercury Vapours          Alch/Air       2%         N/A       86%         2
 Sublimation of Blood     Necr           1%         N/A       86%         2
 Call Canine Familiar     Summ           2%         N/A       95%         3
 Gell's Gravitas          Tloc           2%         N/A       95%         3
 Teleport Other           Tloc           2%         N/A       95%         3
 Hailstorm                Conj/Ice       1%         3d5       96%         3
 Stone Arrow              Conj/Erth      2%         3d7       96%         3
 Summon Ice Beast         Ice/Summ       1%         N/A       96%         3
 Volatile Blastmotes      Fire/Tloc      2%         2d10      96%         3
 Confusing Touch          Hex            1%         N/A       97%         3
 Frozen Ramparts          Ice            2%         1d1       97%         3
 Fugue of the Fallen      Necr           1%         N/A       97%         3
 Mephitic Cloud           Conj/Alch/Air  1%         N/A       97%         3
 Ozocubu's Armour         Ice            1%         N/A       97%         3
 Passwall                 Erth           1%         N/A       97%         3
 Sigil of Binding         Hex            1%         N/A       97%         3
 Swiftness                Air            1%         N/A       97%         3
 Tukima's Dance           Hex            1%         N/A       97%         3
 Vampiric Draining        Necr           1%         2d6       97%         3
 Airstrike                Air            0%         2d(1-17)  100%        4
 Anguish                  Hex/Necr       0%         N/A       100%        4
 Animate Armour           Summ/Erth      2%         N/A       100%        4
 Brom's Barrelling Bould  Conj/Erth      1%         2d3       100%        4
 Cause Fear               Hex            0%         N/A       100%        4
 Dimensional Bullseye     Hex/Tloc       0%         N/A       100%        4
 Dispel Undead            Necr           1%         3d6       100%        4
 Fulminant Prism          Conj/Alch      0%         3d5       100%        4
 Iskenderun's Mystic Bla  Conj/Tloc      2%         2d3       100%        4
 Martyr's Knell           Necr/Summ      1%         N/A       100%        4
 Olgreb's Toxic Radiance  Alch           1%         N/A       100%        4
 Petrify                  Alch/Erth      1%         N/A       100%        4
 Summon Blazeheart Golem  Fire/Summ      1%         N/A       100%        4
 Summon Lightning Spire   Summ/Air       1%         N/A       100%        4
 Alistair's Intoxication  Alch           0%         N/A       100%        5
 Curse of Agony           Necr           1%         N/A       100%        5
 Fireball                 Conj/Fire      0%         3d3       100%        5
 Freezing Cloud           Conj/Ice/Air   0%         6-21      100%        5
 Irradiate                Conj/Alch      0%         3d11      100%        5
 Lee's Rapid Deconstruct  Erth           0%         3d4*      100%        5
 Metabolic Englaciation   Hex/Ice        0%         N/A       100%        5
 Summon Forest            Summ/Tloc      1%         N/A       100%        5
 Conjure Ball Lightning   Conj/Air       0%         3x3d6     100%        6
 Death Channel            Necr           0%         N/A       100%        6
 Dispersal                Tloc           1%         N/A       100%        6
 Sculpt Simulacrum        Ice/Alch       0%         N/A       100%        6
 Summon Cactus Giant      Summ           1%         N/A       100%        6
 Enfeeble                 Hex            0%         N/A       100%        7
 Haunt                    Necr/Summ      0%         N/A       100%        7
 Malign Gateway           Summ/Tloc      1%         N/A       100%        7
 Orb of Destruction       Conj           1%         9d5       100%        7
 Ozocubu's Refrigeration  Ice            0%         4d7       100%        7
 Spellforged Servitor     Conj/Summ      1%         N/A       100%        7
 Borgnjor's Revivificati  Necr           0%         N/A       100%        8
 Discord                  Hex            0%         N/A       100%        8
 Disjunction              Tloc           1%         N/A       100%        8
 Infestation              Necr           0%         N/A       100%        8
 Lehudib's Crystal Spear  Conj/Erth      0%         10d2      100%        8
 Summon Horrible Things   Summ           1%         N/A       100%        8
 Death's Door             Necr           0%         N/A       100%        9
 Dragon's Call            Summ           1%         N/A       100%        9


Dungeon Overview and Level Annotations

Branches:
Dungeon (15/15)            Temple (0/1) D:7            Lair (5/5) D:8
 Shoals (4/4) Lair:2        Snake (4/4) Lair:2        Slime (5/5) Lair:5
    Orc (2/2) D:9             Elf (3/3) Orc:2        Vaults (4/5) D:14
  Crypt (0/3) Vaults:2     Depths (4/4) D:15            Zot (5/5) Depths:4
  Sewer (visited)          Bailey (visited)           IceCv (visited)
 WizLab (visited)         Gauntlet (visited)

Altars:
Ashenzari
Gozag
Hepliaklqana
Kikubaaqudgha
Makhleb
Nemelex Xobeh
Okawaru
Qazlal
Sif Muna
Vehumet
Wu Jian
Xom
Yredelemnul
Zin
Beogh

Shops:
D:1 =   D:3 (   D:6 [   D:8 (   D:9 [   D:11 !:   D:13 *   D:14 (:   D:15 [
Orc:2 ?*[:([   Elf:3 ![[   Shoals:1 ?   Shoals:2 *   Snake:3 *   Vaults:3 ([?[
Vaults:4 =   Zot:2 !(*[   Depths:2 (=[?*

Portals:
Hell: Depths:1 Depths:2 Depths:3 Depths:4
Abyss: Depths:3
Pandemonium: Depths:2
Ziggurat: Depths:1
Trove: Vaults:4 (give 11 potions of heal wounds)

Annotations:
D:3 Ijyb
D:9 3 runed translucent doors, fexil's ghost, journeyman DgAE
D:15 Roxanne
Orc:1 2 transporters, Gopad's ghost, journeyman DrSh
Zot:3 4 transporters


Innate Abilities, Weirdness & Mutations

You have a pair of horns on your head.
You reflexively headbutt those who attack you in melee.
You are partially covered in iridescent scales. (AC +2)
You are partially covered in large bone plates. (SH +4)
You are clumsy. (Dex -2)
Your body often deteriorates upon taking damage.
You are frail. (-10% HP)
Potions are less effective at restoring your health.
You are vulnerable to cold. (rC-)
You are vulnerable to heat. (rF-)
You occasionally lose the ability to read scrolls when taking damage.


Message History

You fly upwards.
There is a stone staircase leading down here.
There is a stone staircase leading up here.
You fly upwards.
Level annotation: 3 runed translucent doors, fexil's ghost, journeyman DgAE
There is a stone staircase leading down here.
An Orb Guardian comes into view.
There is a stone staircase leading up here.
You fly upwards.
There is a stone staircase leading down here.
There is a stone staircase leading up here.
You fly upwards.
There is a stone staircase leading down here.
There is a stone staircase leading up, spattered with blood here.
You fly upwards.
There is a stone staircase leading down here.
There is an open door here.
There is a stone staircase leading up here.
You fly upwards.
There is a stone staircase leading down here.
There is a stone staircase leading up here.
You fly upwards.
There is a stone staircase leading down here.
There is a stone staircase leading up here.
You fly upwards.
Level annotation: Ijyb
There is a stone staircase leading down here.
You see here a +0 club.
Items here: )) [ ÷÷.
There is a stone staircase leading up here.
You fly upwards.
There is a stone staircase leading down here.
Things that are here:
a +0 scale mail; a +0 short sword; an orc skeleton
There is a stone staircase leading up here.
You fly upwards.
There is a stone staircase leading down here.
A green death comes into view.
There is a staircase leading out of the dungeon here.
You have escaped!

##########################
#.....#.#......≈≈≈≈≈≈≈≈≈≈#
...........~~~...~~≈≈≈≈≈≈#
#..###...~~~~~.~....~≈≈≈≈#
....##..≈.≈~.~.~~~...~≈≈≈#
.......≈.~..~~≈.~≈~....~b#
...#......~~~≈~~~~≈~...≈≈#
...##....~..≈≈≈~@~~....~≈#
#..#....~~~.≈≈≈~≈~...~~≈≈#
...#..#...~≈~~~....)~~≈≈≈#
##....#...≈~~....~~~~~~≈≈#
#...........2.#~~≈≈≈~~≈≈≈#
#........#################
.......>.....####
................#
..)..|..........#


You could see a green death.

Vanquished Creatures
  A pandemonium lord (Depths:1)
  the Royal Jelly (Slime:5)
  Tiamat (Zot:2)
  2 dread liches (Zot:5)
  3 orbs of fire
  A juggernaut (Depths:4)
  Vv (Zot:2)
  Bai Suzhen (Vaults:3)
  2 antique champions (WizLab)
  Saint Roka (Vaults:1)
  A Killer Klown (Zot:5)
  A caustic shrike (Depths:1)
  3 curse toes
  Vashnia (Snake:4)
  3 golden dragons
  A Brimstone Fiend (D:15)
  An electric golem (Zot:1)
  Jorgrun (D:14)
  A Hell Sentinel (Zot:2)
  Rupert (Snake:1)
  7 tentacled monstrosities
  A walking crystal tome (Depths:3)
  16 Orb Guardians
  5 quicksilver dragons
  9 liches
  A walking divine tome (Depths:3)
  3 titans
  2 deep elf master archers (Elf:3)
  A walking earthen tome (Depths:3)
  Mlioglotl (Shoals:1)
  4 deep elf blademasters
  5 sphinxes
  An Executioner (Depths:1)
  2 krakens (Shoals:1)
  12 acid blobs
  Polyphemus (Shoals:2)
  6 death cobs
  An ancient champion (WizLab)
  5 tengu reavers
  Donald (Snake:2)
  6 shadow dragons
  2 nagarajas
  Aizul (Snake:1)
  11 rockslimes
  Ilsuiw (Shoals:3)
  2 demonspawn warmongers (Depths:1)
  7 azure jellies
  3 protean progenitors (Zot:3)
  8 storm dragons
  7 draconian monks
  6 deep elf sorcerers (Elf:3)
  10 frost giants
  6 draconian scorchers
  7 draconian knights
  6 deep elf elementalists (Elf:3)
  2 iron dragons (Depths:3)
  3 ghost moths
  7 draconian shifters
  9 fire giants
  13 ironbound preservers
  A cacodemon (Depths:2)
  20 vault wardens
  18 very ugly things
  2 reapers (IceCv)
  2 ghouls (WizLab)
  A draconian stormcaller (Zot:2)
  4 draconian annihilators
  11 stone giants
  6 ironbound thunderhulks
  7 formless jellyfish
  4 orc warlords
  13 quicksilver oozes
  5 deep elf death magi (Elf:3)
  3 vampire knights
  10 black draconians
  7 white draconians
  18 green draconians
  9 yellow draconians
  8 deep elf annihilators
  9 purple draconians
  10 dire elephants (Vaults:4)
  8 red draconians
  4 deep elf demonologists
  A minotaur (Gauntlet)
  5 spark wasps
  Azrael (Elf:1)
  10 ettins
  An eidolon (Depths:3)
  4 merfolk javelineers
  Snorg (D:11)
  18 merfolk impalers
  4 jiangshi (WizLab)
  14 fire dragons
  An entropy weaver (D:14)
  5 yaktaur captains
  3 deep elf high priests (Elf:3)
  7 great orbs of eyes
  2 alligators (Zot:3)
  2 caustic shrike simulacra (IceCv)
  19 vault guards
  6 hydras
  5 spriggan air magi
  5 ice dragons
  4 salamander tyrants
  3 catoblepae
  A hell beast (Depths:3)
  2 merfolk aquamancers (Shoals:4)
  4 merfolk avatars
  5 ironbound frosthearts
  An ogre mage (D:15)
  4 satyrs
  5 rakshasas
  7 anacondas
  3 boulder beetles
  24 dancing weapons
  6 deep troll shamans
  10 two-headed ogres
  Erica (Orc:1)
  A death knight (D:13)
  5 orc high priests
  9 tengu warriors
  3 alligator snapping turtles (Shoals:4)
  4 centaur warriors
  4 death yaks (Shoals:2)
  16 deep troll earth magi
  10 shock serpents
  5 spriggan berserkers
  2 hell hogs
  12 naga sharpshooters
  10 naga warriors
  An occultist (Depths:1)
  7 hell knights
  A shadow wraith (Vaults:2)
  11 skeletal warriors
  6 iron trolls
  7 deep elf knights
  7 skysharks
  2 storm dragon zombies (WizLab)
  Lodul (D:11)
  A fire crab (shapeshifter) (Depths:4)
  3 salamander mystics (Snake:4)
  3 flayed ghosts
  4 mana vipers
  2 goliath frogs (Zot:3)
  43 deep trolls
  2 arcanists
  11 sea snakes
  3 glowing orange brains
  3 bog bodies (IceCv)
  A kraken simulacrum (Shoals:4)
  17 harpies
  A quicksilver dragon simulacrum (Depths:3)
  2 obsidian statues (IceCv)
  3 naga ritualists (Snake:4)
  A shadow demon (D:15)
  12 thermic dynamos
  2 phantasmal warriors
  A spriggan simulacrum (IceCv)
  A lindwurm (shapeshifter) (Depths:1)
  13 deep elf archers
  25 deep elf pyromancers
  17 ironbound convokers
  5 lindwurms
  26 orc knights
  A necromancer (Depths:1)
  20 deep elf zephyrmancers
  18 manticores
  6 shining eyes (Slime:5)
  2 statues (D:11)
  2 swamp dragons (Zot:3)
  A wolf spider (D:12)
  6 orc sorcerers
  29 ugly things
  An oklob plant (Lair:5)
  18 fauns
  6 cyclopes
  Maurice (D:10)
  4 elephants
  6 meliai
  23 salamanders
  A stone giant skeleton (WizLab)
  29 black mambas
  A black mamba (shapeshifter) (D:15)
  11 moths of wrath
  7 guardian serpents
  26 naga magi
  9 merfolk sirens
  A water nymph (shapeshifter) (Depths:3)
  20 cane toads
  3 water nymphs
  2 gargoyles (Gauntlet)
  14 vault sentinels
  An efreet (D:13)
  An unseen horror (D:13)
  A hellion (Zot:3)
  4 rime drakes
  7 tengu conjurers
  A kobold demonologist (Bailey)
  6 komodo dragons
  4 freezing wraiths
  11 yaktaurs
  3 red devils
  7 trolls
  5 golden dragon simulacra
  30 merfolk
  Grinder (D:6)
  A polar bear (Lair:2)
  10 wind drakes
  A raiju (shapeshifter) (Elf:2)
  4 hornets
  25 blink frogs
  A glass eye (shapeshifter) (D:15)
  2 tyrant leeches (Lair:5)
  3 glass eyes
  5 snapping turtles
  17 dream sheep
  36 yaks
  2 air elementals (Elf:1)
  A dire elephant simulacrum (IceCv)
  5 vampires
  A ynoxinul (D:12)
  2 shadows
  69 slime creatures
  4 wraiths
  3 spriggans
  8 water elementals
  4 fire bats (Gauntlet)
  3 fire elementals
  A minotaur simulacrum (IceCv)
  A steam dragon (shapeshifter) (Depths:1)
  3 wargs
  3 wyverns
  A steam dragon (D:6)
  7 basilisks
  14 vampire mosquitoes
  A swamp worm (shapeshifter) (Depths:2)
  A deep troll zombie (WizLab)
  15 water moccasins
  An acid dragon (D:12)
  5 hell hounds
  2 hydra simulacra (IceCv)
  44 nagas
  An acid dragon (shapeshifter) (D:14)
  A deep troll skeleton (WizLab)
  A black bear (Lair:2)
  6 ice beasts
  4 ettin simulacra (IceCv)
  A two-headed ogre skeleton (WizLab)
  61 orc warriors
  2 sky beasts (D:6)
  A swamp dragon zombie (WizLab)
  3 boggarts (Vaults:2)
  17 ogres
  15 wolves
  19 centaurs
  2 kobold brigands
  2 phantoms
  17 bullfrogs
  2 earth elementals (Elf:1)
  A deep troll simulacrum (IceCv)
  A gnoll sergeant (D:12)
  2 scorpions
  A burial acolyte (D:7)
  2 cyclops skeletons (WizLab)
  5 wights (D:9)
  9 killer bees
  6 electric eels
  4 howler monkeys (D:10)
  2 lava snakes
  2 bombardier beetles (D:5)
  8 jellies
  A hound (D:5)
  35 orc priests
  Jessica (D:2)
  2 iguanas (D:5)
  23 orc wizards
  5 hell rats (Lair:3)
  2 hound zombies (D:7)
  7 gnolls
  8 adders
  2 river rats (Sewer)
  3 shadow imps (D:7)
  An adder zombie (D:7)
  5 dart slugs
  2 ribbon worms
  105 orcs
  5 bats
  8 endoplasms
  6 giant cockroaches
  A gnoll zombie (D:7)
  26 goblins
  11 hobgoblins
  4 jackals (D:3)
  11 quokkas
  9 ball pythons
  5 frilled lizards
  17 kobolds
  3 kobold zombies (D:7)
  11 rats
  An aspiring flesh (Zot:3)
  8 tentacles (Shoals:1)
2111 creatures vanquished.

Vanquished Creatures (collateral kills)
  2 Orb Guardians (Zot:5)
2 creatures vanquished.

Vanquished Creatures (others)
  2 Killer Klowns (Zot:5)
  An electric golem (Zot:5)
  6 Orb Guardians (Zot:5)
  A deep elf high priest (Elf:3)
  A flayed ghost (Depths:1)
  An ugly thing (Depths:1)
  A salamander (Snake:4)
  2 merfolk
  A naga (Snake:2)
  A small abomination (D:15)
  19 tentacles
36 creatures vanquished.

Grand Total: 2149 creatures vanquished

Notes
Turn   | Place    | Note
-------+----------+-------------------------------------------
     0 | D:1      | Kenran the Minotaur Hedge Wizard began the quest for the
                  | Orb.
     0 | D:1      | Reached XP level 1. HP: 14/14 MP: 2/2
    61 | D:1      | Reached skill level 1 in Axes
    98 | D:1      | Found Zyulydd's Jewellery Boutique.
   110 | D:1      | Reached XP level 2. HP: 17/20 MP: 4/4
   293 | D:1      | Reached XP level 3. HP: 26/26 MP: 5/5
   755 | D:2      | Reached XP level 4. HP: 31/33 MP: 6/6
   823 | D:2      | Noticed Jessica
   837 | D:2      | Killed Jessica
   838 | D:2      | Reached skill level 5 in Axes
  1073 | D:2      | You fall into a shaft and drop 1 floor!
  1169 | D:3      | Reached XP level 5. HP: 36/38 MP: 7/7
  1598 | D:2      | Found an ancient bone altar of Kikubaaqudgha.
  1956 | D:3      | Found Sabb's Antique Weapon Boutique.
  2039 | D:3      | Found a stormy altar of Qazlal.
  2052 | D:3      | Found a burning altar of Makhleb.
  2223 | D:3      | Noticed Ijyb
  2379 | D:4      | Identified the ring "Tez Boic" {rElec Dex+6 SInv}
  2491 | D:4      | Reached XP level 6. HP: 39/45 MP: 8/8
  2861 | D:5      | Entered Level 5 of the Dungeon
  2900 | D:5      | Found a sparkling altar of Nemelex Xobeh.
  3045 | D:5      | Found a glowing drain.
  3075 | Sewer    | Entered a sewer
  3189 | Sewer    | Reached XP level 7. HP: 31/50 MP: 9/9
  3283 | Sewer    | Gained mutation: You are resistant to electric shocks.
                  | (rElec) [potion of mutation]
  3283 | Sewer    | Gained mutation: You are vulnerable to cold. (rC-) [potion
                  | of mutation]
  3283 | Sewer    | Gained mutation: You have supernaturally acute eyesight.
                  | (SInv) [potion of mutation]
  3284 | Sewer    | Lost mutation: You are resistant to electric shocks.
                  | (rElec) [potion of mutation]
  3284 | Sewer    | Lost mutation: You are vulnerable to cold. (rC-) [potion of
                  | mutation]
  3284 | Sewer    | Lost mutation: You have supernaturally acute eyesight.
                  | (SInv) [potion of mutation]
  3284 | Sewer    | Gained mutation: Your muscles are strong. (Str +4, Int/Dex
                  | -1) [potion of mutation]
  3284 | Sewer    | Gained mutation: Your flesh is heat resistant. (rF+)
                  | [potion of mutation]
  3284 | Sewer    | Gained mutation: You passively dampen the noise of your
                  | surroundings. [potion of mutation]
  3567 | Sewer    | Found a viscous altar of Jiyva.
  3682 | D:5      | Reached skill level 10 in Axes
  3682 | D:5      | Reached skill level 1 in Fighting
  3682 | D:5      | Reached skill level 1 in Armour
  3850 | D:5      | Found an iron altar of Okawaru.
  3888 | D:5      | Found an opulent altar of Gozag.
  4708 | D:6      | Found Wurphivu's Armour Shop.
  4772 | D:6      | Reached XP level 8. HP: 62/62 MP: 10/10
  5543 | D:6      | Noticed Grinder
  5556 | D:6      | Killed Grinder
  5739 | D:5      | Became a worshipper of Gozag Ym Sagoz the Greedy
  5787 | D:7      | Reached skill level 5 in Fighting
  5787 | D:7      | Reached skill level 5 in Armour
  6024 | D:7      | Reached XP level 9. HP: 65/74 MP: 11/11
  6059 | D:7      | Found a staircase to the Ecumenical Temple.
  6328 | D:6      | Bought a +0 pair of gloves for 49 gold pieces
  6427 | D:7      | Reached skill level 1 in Shields
  6430 | D:7      | Found a shimmering altar of Xom.
  6575 | D:7      | Found an ornate altar of the Wu Jian Council.
  6654 | D:7      | Found an ancient bone altar of Kikubaaqudgha.
  7013 | D:1      | Bought an amulet of reflection for 300 gold pieces
  7184 | D:8      | Found Aliafori's Antique Weapon Shoppe.
  7191 | D:8      | Bought a runed broad axe for 238 gold pieces
  7250 | D:8      | Noticed a komodo dragon
  7255 | D:8      | Killed a komodo dragon
  7328 | D:8      | Found a flagged portal.
  7344 | Bailey   | Entered a bailey
  7522 | Bailey   | Noticed an orc knight
  7523 | Bailey   | Found an iron altar of Okawaru.
  7549 | Bailey   | Killed an orc knight
  7550 | Bailey   | Reached XP level 10. HP: 74/86 MP: 12/12
  7571 | Bailey   | Noticed an orc sorcerer
  7571 | Bailey   | Paralysed by an orc sorcerer for 2 turns
  7572 | Bailey   | Noticed a smoke demon
  7579 | Bailey   | Killed an orc sorcerer
  8635 | D:8      | Found a staircase to the Lair.
  8909 | D:8      | Found a faded altar of an unknown god.
  8911 | D:8      | Found a hazy altar of Hepliaklqana.
  8912 | D:8      | Paralysed by a spriggan for 4 turns
  8990 | D:8      | Noticed a two-headed ogre
  8995 | D:8      | Killed a two-headed ogre
  9041 | D:8      | Acquired the +2 hat of Daisies {rN+ Dex+4}
  9054 | D:8      | Acquired the +8 war axe "Sumoe" {freeze, rC+ Will+}
  9201 | D:9      | Reached skill level 10 in Armour
  9282 | D:9      | Found Erot's Antique Armour Emporium.
  9308 | D:9      | Bought a cloak for 94 gold pieces
  9346 | D:9      | Reached XP level 11. HP: 78/95 MP: 13/13
  9454 | D:9      | Noticed fexil's ghost (journeyman DgAE)
  9455 | D:9      | Noticed a wolf spider
  9456 | D:9      | Noticed a white ugly thing
  9468 | D:9      | Found a runed translucent gate.
  9468 | D:9      | Found a runed translucent gate.
  9470 | D:9      | Found a runed translucent gate.
  9481 | D:9      | Noticed a fire crab
  9481 | D:9      | a fire crab changed into a wolf
  9573 | D:9      | Found a broken altar of Ashenzari.
  9613 | D:9      | Found a radiant altar of Vehumet.
  9861 | D:9      | Found a staircase to the Orcish Mines.
  9878 | D:9      | Found a roughly hewn altar of Beogh.
  9887 | D:9      | Reached skill level 10 in Fighting
  9891 | D:9      | Reached skill level 15 in Axes
 10018 | D:10     | Entered Level 10 of the Dungeon
 10061 | D:10     | Noticed Maurice
 10073 | D:10     | Paralysed by Maurice for 4 turns
 10077 | D:10     | Maurice stole a +1 broad axe of venom
 10084 | D:10     | Killed Maurice
 10200 | D:10     | Found a glowing silver altar of Zin.
 10344 | D:10     | Noticed a two-headed ogre
 10349 | D:10     | Killed a two-headed ogre
 10907 | Lair:1   | Entered Level 1 of the Lair of Beasts
 11254 | Lair:1   | Reached XP level 12. HP: 112/112 MP: 14/14
 12384 | Lair:2   | Reached skill level 5 in Shields
 12567 | Lair:2   | Found a staircase to the Shoals.
 12883 | Lair:2   | Found a staircase to the Snake Pit.
 13267 | Lair:3   | Reached skill level 1 in Evocations
 13315 | Lair:3   | Reached XP level 13. HP: 97/118 MP: 15/15
 14107 | Lair:4   | Found a gate leading to a gauntlet.
 14195 | Gauntlet | Entered a Gauntlet
 14195 | Gauntlet | Found a transporter.
 14204 | Gauntlet | Found a transporter.
 14219 | Gauntlet | Found a transporter.
 14224 | Gauntlet | Found a transporter.
 14241 | Gauntlet | Found a transporter.
 14259 | Gauntlet | Found a transporter.
 14271 | Gauntlet | Found a transporter.
 14277 | Gauntlet | Found a transporter.
 14289 | Gauntlet | Found a transporter.
 14304 | Gauntlet | Found a transporter.
 14316 | Gauntlet | Found a transporter.
 14322 | Gauntlet | Found a transporter.
 14322 | Gauntlet | Found a transporter.
 14361 | Gauntlet | Found a transporter.
 14386 | Gauntlet | Found a transporter.
 14388 | Gauntlet | Found a transporter.
 14408 | Gauntlet | Found a transporter.
 14498 | Gauntlet | Found a transporter.
 14743 | Gauntlet | Identified the ring "Gine" {Fire rPois Int+3}
 14830 | Gauntlet | Identified the +1 dagger of Malum Prohibitum {vamp, rPois
                  | rF- rC+ Dex+5}
 14830 | Gauntlet | Noticed a minotaur
 14836 | Gauntlet | Killed a minotaur
 14972 | Lair:4   | Reached skill level 5 in Evocations
 15671 | Lair:5   | Entered Level 5 of the Lair of Beasts
 15961 | Lair:5   | Found a staircase to the Slime Pits.
 15973 | Lair:5   | Reached skill level 15 in Fighting
 16198 | Lair:5   | Reached XP level 14. HP: 88/137 MP: 16/16
 16575 | Lair:5   | Identified the +2 robe of Indecent Exposure {rN+}
 16692 | Lair:5   | Found the +1 robe of Vines {NoPotionHeal Regen++++}
 17428 | D:11     | Found Memoim's Distillery.
 17456 | D:11     | Bought a potion of heal wounds for 65 gold pieces
 17456 | D:11     | Bought a potion of heal wounds for 65 gold pieces
 17456 | D:11     | Bought a potion of curing for 39 gold pieces
 17456 | D:11     | Bought a potion of curing for 39 gold pieces
 17456 | D:11     | Bought a potion of might for 52 gold pieces
 17456 | D:11     | Bought a potion of enlightenment for 65 gold pieces
 17500 | D:11     | Found Qoeqagha's Book Emporium.
 17550 | D:11     | Noticed Snorg
 17560 | D:11     | Killed Snorg
 17737 | D:11     | Found a roughly hewn altar of Beogh.
 17943 | D:11     | Noticed Lodul
 17963 | D:11     | Killed Lodul
 17964 | D:11     | Reached skill level 15 in Armour
 19702 | D:12     | Found the +3 robe of Clouds {*Thunder rCloud rElec}
 19925 | D:13     | Found Jyonn's Elemental Accessories.
 20856 | D:14     | Noticed Jorgrun
 20870 | D:14     | Killed Jorgrun
 20993 | D:14     | Found Qoaggua's Antique Weapon Emporium.
 21167 | D:14     | Found Tukowk's Book Emporium.
 21177 | D:14     | Bought a manual of Armour for 960 gold pieces
 21198 | D:14     | Found a gate to the Vaults.
 21300 | D:14     | Acquired a manual of Axes
 21444 | D:15     | Entered Level 15 of the Dungeon
 21456 | D:15     | Reached XP level 15. HP: 144/144 MP: 17/17
 21636 | D:15     | Found a staircase to the Depths.
 22229 | D:15     | Found Doibeode's Antique Armour Shoppe.
 22321 | D:15     | Noticed Roxanne
 22674 | Orc:1    | Entered Level 1 of the Orcish Mines
 22754 | Orc:1    | Found a transporter.
 22758 | Orc:1    | Noticed Gopad's ghost (journeyman DrSh)
 22774 | Orc:1    | Found a transporter.
 22847 | Orc:1    | Found a burning altar of Makhleb.
 23137 | Orc:1    | Noticed Erica
 23143 | Orc:1    | Killed Erica
 23265 | Orc:2    | Entered Level 2 of the Orcish Mines
 23477 | Orc:2    | Found a transporter.
 23479 | Orc:2    | Found Sifaxkae's Antique Armour Boutique.
 23490 | Orc:2    | Found a staircase to the Elven Halls.
 23594 | Orc:2    | Found a transporter.
 23674 | Orc:2    | Bought a pair of embroidered gloves for 210 gold pieces
 23674 | Orc:2    | Bought a fading cloak for 266 gold pieces
 23674 | Orc:2    | Identified the +0 cloak "Ytol" {Fly Str+6} (You bought it
                  | in a shop on level 2 of the Orcish Mines)
 23765 | Orc:2    | Found Tikevam's Magic Scroll Boutique.
 23781 | Orc:2    | Bought a scroll of identify for 34 gold pieces
 23781 | Orc:2    | Bought a scroll of identify for 34 gold pieces
 23781 | Orc:2    | Bought a scroll of identify for 34 gold pieces
 24484 | Orc:2    | Found Riacirph's General Store.
 24484 | Orc:2    | Found Kistreny's Book Emporium.
 24498 | Orc:2    | Found Ufut's Antique Armour Emporium.
 24498 | Orc:2    | Found Aduas's Antique Weapon Shoppe.
 24504 | Orc:2    | Bought a potion of ambrosia for 112 gold pieces
 24986 | Snake:1  | Entered Level 1 of the Snake Pit
 25134 | Snake:1  | Noticed Rupert
 25146 | Snake:1  | Killed Rupert
 25512 | Snake:1  | Found a glacial archway.
 25527 | IceCv    | Entered an ice cave
 25532 | IceCv    | Reached XP level 16. HP: 131/151 MP: 18/18
 26013 | IceCv    | Reached skill level 10 in Shields
 26408 | Snake:1  | Identified the serpent talisman of Creativity {Str+2}
 26408 | Snake:1  | Noticed Aizul
 26429 | Snake:1  | Killed Aizul
 27270 | Snake:2  | Noticed Donald
 27288 | Snake:2  | Killed Donald
 27724 | Snake:2  | Acquired 621 gold pieces
 28797 | Snake:3  | Reached skill level 15 in Shields
 29197 | Snake:3  | Found Huluad's Assorted Antiques.
 29204 | Snake:3  | Bought a wand of acid (2) for 268 gold pieces
 29204 | Snake:3  | Bought a potion of berserk rage for 160 gold pieces
 29254 | Snake:4  | Entered Level 4 of the Snake Pit
 29461 | Snake:4  | Reached XP level 17. HP: 152/158 MP: 19/19
 29963 | Snake:4  | Noticed Vashnia
 30088 | Snake:4  | Got a serpentine rune of Zot
 30211 | Snake:4  | Killed Vashnia
 30799 | Shoals:1 | Entered Level 1 of the Shoals
 30817 | Shoals:1 | Noticed a kraken
 30829 | Shoals:1 | Killed a kraken
 30840 | Shoals:1 | Noticed Mlioglotl
 30856 | Shoals:1 | Killed Mlioglotl
 30961 | Shoals:1 | Found Iklagiud's Magic Scroll Shop.
 30976 | Shoals:1 | Bought a scroll of teleportation for 42 gold pieces
 30976 | Shoals:1 | Bought a scroll of fog for 56 gold pieces
 30976 | Shoals:1 | Bought a scroll of fog for 56 gold pieces
 31086 | Shoals:1 | Noticed a kraken
 31094 | Shoals:1 | Killed a kraken
 31646 | Shoals:2 | Noticed Polyphemus
 31660 | Shoals:2 | Killed Polyphemus
 32230 | Shoals:2 | Found Ihitasuw's Assorted Antiques.
 32261 | Shoals:2 | Bought a scroll of identify for 78 gold pieces
 32261 | Shoals:2 | Bought a scroll of blinking for 292 gold pieces
 32261 | Shoals:2 | Bought a potion of curing for 117 gold pieces
 32261 | Shoals:2 | Bought a coppery potion for 35 gold pieces
 32261 | Shoals:2 | Bought an iridescent war axe for 331 gold pieces
 32261 | Shoals:2 | Identified the +3 war axe "Henak" {heavy, Fly Str+3} (You
                  | bought it in a shop on level 2 of the Shoals)
 32858 | Shoals:3 | Reached XP level 18. HP: 80/178 MP: 20/20
 33361 | Shoals:3 | Identified the +4 long sword of the Valley {speed, +Blink
                  | rC+ Str+2 Int+2}
 34040 | Shoals:4 | Entered Level 4 of the Shoals
 34040 | Shoals:4 | Noticed Ilsuiw
 34075 | Shoals:3 | Killed Ilsuiw
 34819 | Shoals:4 | Got a barnacled rune of Zot
 35432 | Shoals:4 | Found the +5 glaive of the Guard {elec, spectral}
 35922 | Vaults:1 | Entered Level 1 of the Vaults
 36615 | Vaults:1 | Reached XP level 19. HP: 142/185 MP: 21/21
 36857 | Vaults:1 | Noticed Saint Roka
 37756 | Vaults:1 | Killed Saint Roka
 38305 | Vaults:2 | Got the Anthology of Concussion and Terra Firma
 38642 | Vaults:2 | Paralysed by a sphinx for 4 turns
 38793 | Vaults:2 | Found a staircase to the Crypt.
 38793 | Vaults:2 | Found an ancient bone altar of Kikubaaqudgha.
 38793 | Vaults:2 | Found a basalt altar of Yredelemnul.
 39047 | Vaults:3 | Paralysed by a formless jellyfish for 1 turns
 39157 | Vaults:3 | Found Soisch's Antique Armour Emporium.
 39178 | Vaults:3 | Bought a pair of runed gloves for 307 gold pieces
 39346 | Vaults:3 | Noticed Bai Suzhen
 39351 | Vaults:3 | Killed Bai Suzhen
 39447 | Vaults:3 | Found Jyseab's Antique Weapon Boutique.
 39769 | Vaults:3 | Paralysed by a sphinx for 2 turns
 39931 | Vaults:3 | Reached XP level 20. HP: 188/200 MP: 22/22
 40045 | Vaults:3 | Found Kaetux's Armour Shoppe.
 40046 | Vaults:3 | Found Anem Zih's Magic Scroll Emporium.
 40051 | Vaults:3 | Bought a scroll of blinking for 112 gold pieces
 40051 | Vaults:3 | Bought 3 scrolls of blinking for 337 gold pieces
 40051 | Vaults:3 | Bought a scroll of enchant armour for 112 gold pieces
 40051 | Vaults:3 | Bought a scroll of brand weapon for 142 gold pieces
 40057 | Vaults:3 | Bought the +2 cloak "Guasal" {Regen+} for 365 gold pieces
 40704 | Vaults:4 | Found a portal to a secret trove of treasure.
 41200 | Vaults:4 | Found Zariumeh's Jewellery Shop.
 41579 | Vaults:4 | Identified the +10 arbalest "Alofeut" {drain, Str+4}
 42311 | Depths:1 | Entered Level 1 of the Depths
 42356 | Depths:1 | Found a one-way gateway to a ziggurat.
 42612 | Depths:1 | Identified the +3 quarterstaff of Hell's Wrath {venom,
                  | rPois rC++ Str+3}
 42671 | Depths:1 | Found a gateway to Hell.
 43197 | Depths:1 | Reached skill level 27 in Armour
 43280 | Depths:1 | Noticed a caustic shrike
 43287 | Depths:1 | Killed a caustic shrike
 43308 | Depths:1 | Reached XP level 21. HP: 76/214 MP: 23/23
 43694 | Depths:1 | Noticed a golden dragon
 43699 | Depths:1 | Killed a golden dragon
 44177 | Depths:1 | Acquired 751 gold pieces
 44672 | Depths:2 | Found Udwiwn's Magic Scroll Shop.
 44678 | Depths:2 | Found Vexzolom's Armour Shop.
 44681 | Depths:2 | Bought a scroll of enchant weapon for 105 gold pieces
 44681 | Depths:2 | Bought a scroll of teleportation for 42 gold pieces
 44868 | Depths:2 | Found Kuacw's Jewellery Boutique.
 45050 | Depths:2 | Found a one-way gate leading to the halls of Pandemonium.
 45051 | Depths:2 | Gained mutation: You are dopey. (Int -2) [a cacodemon]
 45109 | Depths:2 | Found Uqethruw's Antique Weapon Emporium.
 45323 | Depths:2 | Got the Omnibus of Reconfigured Nonlocality
 45330 | Depths:2 | Got Reteruog's Anthology of the Windy Caves
 45424 | Depths:2 | Found Xuedeson's General Store.
 45432 | Depths:2 | Bought a scroll of fear for 80 gold pieces
 45432 | Depths:2 | Bought 2 potions of haste for 400 gold pieces
 45570 | Depths:3 | Noticed a golden dragon
 45578 | Depths:3 | Killed a golden dragon
 46451 | Depths:3 | Found a one-way gate to the infinite horrors of the Abyss.
 46963 | Depths:3 | Reached XP level 22. HP: 191/221 MP: 24/24
 47119 | Depths:4 | Entered Level 4 of the Depths
 47263 | Depths:4 | Noticed a juggernaut
 47281 | Depths:4 | Killed a juggernaut
 47754 | Depths:4 | Identified the amulet "Veecipet" {rElec Regen+ Int+4 Dex+2}
 47896 | Depths:4 | Found a gate to the Realm of Zot.
 47968 | Depths:4 | Reached skill level 10 in Evocations
 48544 | Elf:1    | Entered Level 1 of the Elven Halls
 48631 | Elf:1    | Paralysed by an air elemental for 1 turns
 48664 | Elf:1    | Found a radiant altar of Vehumet.
 48849 | Elf:1    | Paralysed by an air elemental for 1 turns
 49099 | Elf:1    | Noticed Azrael
 49105 | Elf:1    | Killed Azrael
 49666 | Elf:2    | Found a runed translucent gate.
 49667 | Elf:2    | Found a runed translucent gate.
 49668 | Elf:2    | Found a runed translucent gate.
 50149 | Elf:2    | Identified the blade talisman "Ehyh" {Will+ rCorr Dex+2}
 50286 | Elf:3    | Entered Level 3 of the Elven Halls
 50308 | Elf:3    | Found a magical portal.
 50317 | WizLab   | Entered Zonguldrok's Shrine
 50542 | WizLab   | Reached XP level 23. HP: 222/238 MP: 25/25
 50562 | WizLab   | Noticed an antique champion
 50562 | WizLab   | Noticed an antique champion
 50571 | WizLab   | Killed an antique champion
 50576 | WizLab   | Killed an antique champion
 50583 | WizLab   | Got the Commentary on the End
 50584 | WizLab   | Identified the +3 tower shield of the Forsaken Bones
                  | {Slay+2 Stlth+}
 50618 | WizLab   | Identified the +8 plate armour of Creativity {rElec Int+3}
 50624 | WizLab   | Identified the +2 crystal plate armour "Dol Agut" {rElec
                  | rPois}
 50777 | Elf:3    | Found Doalled's Distillery.
 50793 | Elf:3    | Bought a potion of cancellation for 128 gold pieces
 50793 | Elf:3    | Bought 2 potions of resistance for 320 gold pieces
 50793 | Elf:3    | Bought a potion of might for 64 gold pieces
 50793 | Elf:3    | Bought a potion of heal wounds for 80 gold pieces
 50793 | Elf:3    | Bought 2 potions of attraction for 96 gold pieces
 51491 | Elf:3    | Reached skill level 27 in Fighting
 51920 | Elf:3    | Found the +8 storm bow {elec, penet}
 51922 | Elf:3    | Found the +1 eveningstar "Brilliance" {foul flame, Umbra}
 51937 | Elf:3    | Identified the +5 morningstar of Glory {speed, rElec rPois
                  | Will+ MP+9 Str+3}
 51971 | Elf:3    | Identified the +2 leather armour of Courage {rPois rF++}
 51988 | Elf:3    | Got the Incunabulum of the Hurtful Gang
 51997 | Elf:3    | Identified the +1 robe of Inviolability {*Slow Will++
                  | Slay+6}
 52005 | Elf:3    | Identified the staff of the Fray {rPois rF+ rN+ Necro}
 52022 | Elf:3    | Identified the +5 rapier "Ufuon Kom" {drain, rElec rPois
                  | Str+3 Dex+2}
 52023 | Elf:3    | Identified the staff of Vuehamit {rPois Int+4 Hexes Fire
                  | Ice Alchemy}
 52355 | Elf:3    | Bought a pair of translucent boots for 285 gold pieces
 52355 | Elf:3    | Identified the +1 pair of boots of the Ancient Artists {rN+
                  | MP+9 Str+3} (You bought it in a shop on level 3 of the
                  | Elven Halls)
 52355 | Elf:3    | Bought a pair of runed boots for 225 gold pieces
 52406 | Elf:3    | Bought an embroidered cloak for 232 gold pieces
 52694 | Depths:2 | Bought a ring of resist corrosion for 360 gold pieces
 52963 | Slime:1  | Entered Level 1 of the Pits of Slime
 53124 | Slime:5  | Entered Level 5 of the Pits of Slime
 53127 | Slime:5  | Gained mutation: Your health recovers twice as slowly from
                  | being drained. [a shining eye]
 53129 | Slime:5  | Gained mutation: Armour fits poorly on your strangely
                  | shaped body. [a shining eye]
 53131 | Slime:5  | Lost mutation: You passively dampen the noise of your
                  | surroundings. [a shining eye]
 53141 | Slime:5  | Gained mutation: Your body sometimes deteriorates upon
                  | taking damage. [a shining eye]
 53144 | Slime:5  | Gained mutation: Your body often deteriorates upon taking
                  | damage. [a shining eye]
 53158 | Slime:5  | Gained mutation: You are clumsy. (Dex -2) [a shining eye]
 53160 | Slime:5  | Gained mutation: Your spells are a little easier to cast,
                  | but a little less powerful. [a shining eye]
 53162 | Slime:5  | Gained mutation: You have hidden genetic defects. [a
                  | shining eye]
 53164 | Slime:5  | Gained mutation: You sometimes lose your temper in combat.
                  | [a shining eye]
 53352 | Slime:4  | Lost mutation: You have hidden genetic defects. [potion of
                  | mutation]
 53352 | Slime:4  | Lost mutation: Your flesh is heat resistant. (rF+) [potion
                  | of mutation]
 53352 | Slime:4  | Lost mutation: Your health recovers twice as slowly from
                  | being drained. [potion of mutation]
 53352 | Slime:4  | Gained mutation: You are partially covered in iridescent
                  | scales. (AC +2) [potion of mutation]
 53353 | Slime:4  | Lost mutation: You are dopey. (Int -2) [potion of mutation]
 53353 | Slime:4  | Lost mutation: You are partially covered in iridescent
                  | scales. (AC +2) [potion of mutation]
 53353 | Slime:4  | Lost mutation: Your spells are a little easier to cast, but
                  | a little less powerful. [potion of mutation]
 53353 | Slime:4  | Gained mutation: You are strong-willed. (Will+) [potion of
                  | mutation]
 53354 | Slime:4  | Lost mutation: Armour fits poorly on your strangely shaped
                  | body. [potion of mutation]
 53354 | Slime:4  | Lost mutation: Your muscles are strong. (Str +4, Int/Dex
                  | -1) [potion of mutation]
 53354 | Slime:4  | Gained mutation: You are vulnerable to heat. (rF-) [potion
                  | of mutation]
 53354 | Slime:4  | Lost mutation: You are clumsy. (Dex -2) [potion of
                  | mutation]
 53355 | Slime:4  | Lost mutation: You are vulnerable to heat. (rF-) [potion of
                  | mutation]
 53355 | Slime:4  | Lost mutation: You sometimes lose your temper in combat.
                  | [potion of mutation]
 53355 | Slime:4  | Gained mutation: You expend magic power (3 MP) to
                  | strengthen your wands. [potion of mutation]
 53355 | Slime:4  | Gained mutation: You have sharp fingernails. [potion of
                  | mutation]
 53356 | Slime:4  | Lost mutation: You expend magic power (3 MP) to strengthen
                  | your wands. [potion of mutation]
 53356 | Slime:4  | Lost mutation: You have sharp fingernails. [potion of
                  | mutation]
 53356 | Slime:4  | Lost mutation: You are strong-willed. (Will+) [potion of
                  | mutation]
 53356 | Slime:4  | Gained mutation: Your muscles are strong. (Str +4, Int/Dex
                  | -1) [potion of mutation]
 53356 | Slime:4  | Gained mutation: You are vulnerable to cold. (rC-) [potion
                  | of mutation]
 53356 | Slime:4  | Gained mutation: You are partially covered in iridescent
                  | scales. (AC +2) [potion of mutation]
 53357 | Slime:4  | Lost mutation: You are partially covered in iridescent
                  | scales. (AC +2) [potion of mutation]
 53357 | Slime:4  | Lost mutation: You are vulnerable to cold. (rC-) [potion of
                  | mutation]
 53357 | Slime:4  | Lost mutation: Your body often deteriorates upon taking
                  | damage. [potion of mutation]
 53357 | Slime:4  | Gained mutation: You possess an exceptional clarity of
                  | mind. [potion of mutation]
 53357 | Slime:4  | Gained mutation: You are partially covered in iridescent
                  | scales. (AC +2) [potion of mutation]
 53386 | Slime:5  | Gained mutation: You are clumsy. (Dex -2) [a shining eye]
 53391 | Slime:5  | Noticed the Royal Jelly
 53407 | Slime:5  | Killed the Royal Jelly
 53750 | Slime:5  | Found the +8 Wrath of Trog {antimagic, *Rage Rampage}
 53753 | Slime:5  | Identified the ring of Irilosk {rPois Str+4 Int+3 Dex+3}
 53768 | Slime:5  | Identified the ring "Dunoy" {Fire Str+5}
 53785 | Slime:5  | Identified the staff "Gicroaniq" {rElec rC- rCorr Hexes
                  | Tloc Air}
 53786 | Slime:5  | Identified the ring of Syndicalism {^Drain Str+4 Int+2
                  | Dex+6}
 53847 | Slime:5  | Got a slimy rune of Zot
 53942 | Slime:1  | Gained mutation: Your body often deteriorates upon taking
                  | damage. [a shining eye]
 53965 | Slime:1  | Gained mutation: You are vulnerable to heat. (rF-) [a
                  | shining eye]
 53978 | Lair:5   | Lost mutation: You are vulnerable to heat. (rF-) [potion of
                  | mutation]
 53978 | Lair:5   | Lost mutation: Your muscles are strong. (Str +4, Int/Dex
                  | -1) [potion of mutation]
 53978 | Lair:5   | Lost mutation: You are clumsy. (Dex -2) [potion of
                  | mutation]
 53978 | Lair:5   | Gained mutation: You are mostly covered in iridescent
                  | scales. (AC +4) [potion of mutation]
 53978 | Lair:5   | Gained mutation: Your health recovers twice as slowly from
                  | being drained. [potion of mutation]
 53978 | Lair:5   | Gained mutation: Potions are less effective at restoring
                  | your health. [potion of mutation]
 53978 | Lair:5   | Gained mutation: Your muscles are strong. (Str +4, Int/Dex
                  | -1) [potion of mutation]
 54275 | Zot:1    | Entered Level 1 of the Realm of Zot
 54357 | Zot:1    | Noticed an orb of fire
 54365 | Zot:1    | Gained mutation: You are dopey. (Int -2) [an orb of fire]
 54368 | Zot:1    | Gained mutation: You are frail. (-10% HP) [an orb of fire]
 54371 | Zot:1    | Killed an orb of fire
 54397 | Zot:1    | Noticed an orb of fire
 54401 | Zot:1    | Gained mutation: You are clumsy. (Dex -2) [an orb of fire]
 54406 | Zot:1    | Gained mutation: You occasionally lose the ability to read
                  | scrolls when taking damage. [an orb of fire]
 54407 | Zot:1    | Lost mutation: Your muscles are strong. (Str +4, Int/Dex
                  | -1) [an orb of fire]
 54417 | Zot:1    | Killed an orb of fire
 54797 | Zot:1    | Lost mutation: Your health recovers twice as slowly from
                  | being drained. [mutagenic glow]
 54806 | Zot:1    | Gained mutation: You are vulnerable to heat. (rF-)
                  | [mutagenic glow]
 54833 | Depths:4 | Gained mutation: You sometimes lose the ability to read
                  | scrolls when taking damage. [mutagenic glow]
 55074 | Zot:1    | Reached XP level 24. HP: 142/224 MP: 25/25
 56641 | Zot:2    | Found the +4 dragonskin cloak
 56641 | Zot:2    | Noticed Tiamat
 56838 | Zot:2    | Reached skill level 15 in Evocations
 57121 | Zot:2    | Killed Tiamat
 57431 | Zot:2    | Noticed Vv
 57446 | Zot:2    | Killed Vv
 57724 | Zot:2    | Bought a potion of haste for 140 gold pieces
 57724 | Zot:2    | Bought a potion of curing for 42 gold pieces
 57724 | Zot:2    | Bought a potion of might for 56 gold pieces
 57724 | Zot:2    | Bought a potion of might for 56 gold pieces
 57724 | Zot:2    | Lost mutation: You are dopey. (Int -2) [potion of mutation]
 57724 | Zot:2    | Lost mutation: You are mostly covered in iridescent scales.
                  | (AC +4) [potion of mutation]
 57724 | Zot:2    | Lost mutation: You possess an exceptional clarity of mind.
                  | [potion of mutation]
 57724 | Zot:2    | Lost mutation: You sometimes lose the ability to read
                  | scrolls when taking damage. [potion of mutation]
 57724 | Zot:2    | Gained mutation: You are partially covered in large bone
                  | plates. (SH +4) [potion of mutation]
 57858 | Zot:2    | Bought a pair of translucent gloves for 427 gold pieces
 57858 | Zot:2    | Identified the +0 pair of gloves "Ussesh" {rC+ Str+3} (You
                  | bought it in a shop on level 2 of the Realm of Zot)
 59570 | Zot:3    | Found a transporter.
 59571 | Zot:3    | Found a transporter.
 59577 | Zot:3    | Found a transporter.
 59847 | Zot:3    | Found a transporter.
 59898 | Zot:3    | Gained mutation: You are vulnerable to cold. (rC-)
                  | [mutagenic glow]
 60672 | Zot:4    | Reached skill level 27 in Shields
 61272 | Zot:4    | Found a shimmering blue altar of Sif Muna.
 61272 | Zot:4    | Noticed an orb of fire
 61283 | Zot:4    | Killed an orb of fire
 61449 | Zot:5    | Entered Level 5 of the Realm of Zot
 61488 | Zot:5    | Found the amulet of Vitality {Regen++ RegenMP++}
 61872 | Zot:5    | Reached XP level 25. HP: 231/231 MP: 25/25
 61895 | Zot:5    | Noticed a dread lich
 61910 | Zot:5    | Paralysed by a dread lich for 2 turns
 61916 | Zot:5    | Killed a dread lich
 61958 | Zot:5    | Noticed a Killer Klown
 61959 | Zot:5    | Noticed an ancient lich
 61966 | Zot:5    | Noticed a Killer Klown
 61966 | Zot:5    | Noticed an orb of fire
 61966 | Zot:5    | Noticed a Killer Klown
 61972 | Zot:5    | Killed a Killer Klown
 62015 | Zot:5    | Killed a Killer Klown
 62054 | Zot:5    | Noticed a dread lich
 62058 | Zot:5    | Killed a dread lich
 62068 | Zot:5    | Noticed a Killer Klown
 62071 | Zot:5    | Got the Orb of Zot
 62417 | Depths:1 | Noticed Bedum the pandemonium lord
 62438 | Depths:1 | Killed Bedum the pandemonium lord
 62576 | D:15     | Noticed Ykuq the pandemonium lord
 62827 | D:$      | Escaped with the Orb!

Illustrated notes

Levels and vault maps discovered:
D:1:      dpeg_arrival_more_subterranean_lakeside_camping, layout_rooms,
          serial_shops, shop, solitary_fountain, st_stairs_11, minmay_cut_off
D:2:      layout_basic, basic_altar, uniq_jessica
D:3:      layout_basic, nicolae_overflow_squiral, serial_shops, shop,
          shapermc_ecumenical_altar_starsandcircs, uniq_ijyb
D:4:      layout_basic, grunt_ministairs_13
D:5:      layout_basic, nemelex_spade_bored_becter, grunt_gozag_breadcrumbs,
          okawaru_ov_weapons_minmay, portal_sewer_entry_f,
          kennysheep_nondescript, corexii_item_surrounded_by_moat,
          minmay_misc_feat_encased
D:6:      layout_gridville, serial_shops, nicolae_take_the_stairs, uniq_grinder
D:7:      layout_rooms, marbit_many_paths,
          regret_index_kikubaaqudgha_part_by_part, nzn_wu_jian_council_hall,
          minmay_temple_entry_ruins, serial_bayou_crossing
D:8:      layout_loops_ring, beargit_hepliaklqana_dungeon_heroes,
          david_lair_shrubbed, enter_bailey_5, serial_shops,
          nicolae_shop_just_a_little_nook
D:9:      layout_cross, kennysheep_mini, vehumet_crystals,
          minmay_orc_entry_temple_small, serial_shops,
          nicolae_shop_tiny_statue_garden, gammafunk_ghost_split
D:10:     layout_long_grid, zin_statuary, uniq_maurice
D:11:     layout_basic, serial_shops, nicolae_shop_tiny_statue_garden,
          nicolae_inconvenience_store, special_room [special_room_orc],
          minmay_dual_archer_statues, uniq_lodul, uniq_snorg
D:12:     minmay_cut_squares, layout_stronghold, minmay_misc_feat_enclosed
D:13:     layout_loops_ring, nicolae_elemental_shop
D:14:     layout_rooms, hellmonk_vaults_order_and_chaos, serial_shops,
          nicolae_square_shop, shop, minmay_misc_feat_four_crosses,
          nicolae_lava_and_water, uniq_jorgrun
D:15:     grunt_enter_depths_snipers, layout_irregular_city,
          dreamdust_mushroom_princess, serial_shops, shop, uniq_roxanne
Lair:1:   layout_regular_city, grunt_megastairs_3
Lair:2:   layout_small_grid, minmay_shoals_entry_beasts,
          alex1729_snake_entry_snake, forest_entry_grove, grunt_megastairs_4,
          infiniplex_staircase_pool
Lair:3:   layout_long_grid, serial_bayou_shore_a
Lair:4:   layout_long_grid, gauntlet_entry_generic,
          chequers_serial_rivers_micro_a
Lair:5:   minmay_lair_end_frog_pond, layout_cellular_growth,
          minmay_slime_entry_pillars, eino_small_chamber_without_monster,
          serial_bayou_pond_a, hellmonk_guarded_unrand_vines
Shoals:1: layout_shoals, serial_shops, nicolae_shop_pleasant_corner_grove,
          nicolae_shoals_kraken_intersection, uniq_mlioglotl
Shoals:2: layout_shoals, serial_shops, nicolae_shop_peninsula, uniq_polyphemus
Shoals:3: layout_shoals, nicolae_shoals_mertower
Shoals:4: shoals_end_grunt_ice, layout_shoals, shoal_ilsuiw,
          nicolae_shoals_shepherds
Snake:1:  layout_misc_corridors, portal_ice_cave_entry_dragon, uniq_rupert,
          uniq_aizul
Snake:2:  layout_rooms, serial_corexii_hall, chequers_hall_statues_y,
          corexii_hall_statues_i, uniq_donald
Snake:3:  layout_rooms, serial_shops, shop, drop_trap
Snake:4:  johnstein_snake_rune_scales, layout_rooms, nicolae_snake_shapes,
          grunt_megastairs_5, lemuel_fruit_tree
Slime:1:  layout_caves
Slime:2:  layout_caves
Slime:3:  layout_caves, basic_altar, uniq_dissolution
Slime:4:  layout_caves
Slime:5:  slime_pit
Orc:1:    layout_caves, gammafunk_ghost_stat_death, bloody_makhleb, uniq_erica
Orc:2:    st_orc_congregation, layout_caves, serial_shops, shop,
          nicolae_shop_drivethru
Elf:1:    layout_geoelf_octagon, basic_altar, nicolae_elf_crossing_hall,
          corexii_hall_statues_deadend, uniq_azrael
Elf:2:    nicolae_elf_blades_splatter_lattice
          [nicolae_blade_entry_diamond_columns], layout_rooms
Elf:3:    minmay_elf_hall_four_x, layout_loops_ring, serial_shops,
          nicolae_shop_stone, mu_enter_wizlab_6, drop_trap
Vaults:1: nicolae_vaults_shipping_containers_5, vaults_mumra_minichess,
          vaults_standard_mumra_x, hangedman_vaults_stream,
          nicolae_vaults_layer_cake_slice, nicolae_vaults_border_crossing,
          nicolae_vaults_weapon_check, nicolae_vaults_cochlea,
          hangedman_vaults_capsules, nicolae_vaults_variable_pillar_hall,
          layout_vaults_big_room, uniq_saint_roka
Vaults:2: minmay_crypt_entry_necro_gods, nicolae_vaults_diamond_1,
          hangedman_vaults_maws, nicolae_vaults_offset_grid_hallway_1,
          nicolae_vaults_quadrants, nicolae_vaults_oval_intersection,
          vaults_dpeg_diagonal, v_alt_pattern_2, nicolae_vaults_trapezoid_2,
          layout_vaults_quadrants
Vaults:3: hangedman_vaults_nails, grunt_vaults_hallway_long,
          ontoclasm_vaults_idyll, nicolae_vaults_sealed_display,
          lightli_orcish_oven, nicolae_vaults_doubleplus_tesselated,
          nicolae_vaults_octothorpe, vaults_room_octagon,
          nicolae_vaults_tangram_1, hangedman_vaults_restitches,
          nicolae_vaults_heart-shaped_vault, v_misc_16,
          ontoclasm_vaults_ring_square, nicolae_vaults_shock_wave, v_misc_25,
          layout_vaults_maze, serial_shops, shop_statue,
          nicolae_shop_overgrown_old_shop, nicolae_shop_dealshenge, shop,
          uniq_bai_suzhen
Vaults:4: nicolae_vaults_tetromino_Z_2, special_room_vaults [special_room_orc],
          grunt_vaults_focal, nicolae_vaults_what_the_h, hangedman_vaults_nodes,
          v_misc_25, ontoclasm_vaults_claustrophobia, v_misc_18,
          nicolae_vaults_circle_grid_b, v_misc_10, nicolae_vaults_diamond_1,
          vaults_room_ringed_pool, nicolae_vaults_trapezoid_lopsided_3,
          nicolae_vaults_house_3, dpeg_vaults_monster_box, layout_vaults_ring,
          serial_shops, nicolae_shop_gaudy_bauble, enter_trove_1
Depths:1: nzn_winding_woodlands_huge [nzn_winding_woodlands_5x15_lazy_stream,
          nzn_winding_woodlands_5x15_longhouse,
          nzn_winding_woodlands_5x15_default,
          nzn_winding_woodlands_5x15_split_checker,
          nzn_winding_woodlands_5x15_twine,
          nzn_winding_woodlands_5x15_river_crossing,
          nzn_winding_woodlands_5x15_parted,
          nzn_winding_woodlands_5x15_pathside_ponds,
          nzn_winding_woodlands_5x15_crooked,
          nzn_winding_woodlands_5x15_sawtooth,
          nzn_winding_woodlands_center_triple_pond,
          nzn_winding_woodlands_center_garden,
          nzn_winding_woodlands_15x15_killbox], layout_basic, enter_ziggurat_f,
          grunt_hell_entry_dis_old, grunt_ministairs_4, serial_bayou_shore_b,
          serial_bayou_shore_b
Depths:2: minmay_the_grid_octo_triangle [minmay_the_grid_octo_chip,
          minmay_the_grid_octo_prize_single_spiral,
          minmay_the_grid_octo_tetromino_candy], layout_gridlike, serial_shops,
          nicolae_shop_just_a_little_nook, shop, nicolae_shop_gaudy_bauble,
          hell_entry, rand_demon_pan_entry_4, minmay_door_square,
          due_unseen_surprise, minmay_staircase_statues, minmay_shop_star
Depths:3: minmay_three_patterns, layout_gridlike, grunt_mini_vestibule,
          serial_bayou_pond_d, abyss_entry, serial_bayou_shore_b,
          infiniplex_staircase_9_rooms
Depths:4: grunt_twist_and_shout, layout_gridlike, hell_entry,
          hangedman_decor_slide_cut
Zot:1:    layout_basic
Zot:2:    layout_cellular_growth, uniq_tiamat, uniq_vv
Zot:3:    layout_cathedral_of_symmetry, nicolae_diode_quadrants
Zot:4:    layout_misc_corridors, regret_index_zotdec_magical_s,
          regret_index_zotdec_serpentine_scales
Zot:5:    layout_misc_corridors, regret_index_zotdec_slimy_original,
          nicolae_tricolors

Skill      XL: |  1  2  3  4  5  6  7  8  9 10 11 12 13 14 15 16 17 18 19 20 21 22 23 24 25 |
---------------+----------------------------------------------------------------------------+-----
Axes           | 2 3 4 5 7 8 10 11 12 14 16 18 22 23 | 23.0
Fighting       | 2 5 7 8 11 12 16 20 22 24 25 26 27 | 27.0
Armour         | 2 5 7 10 12 18 22 23 24 25 27 | 27.0
Shields        | 4 8 15 20 21 23 25 27 | 27.0
Evocations     | 1 5 9 11 14 17 18 | 18.6
Dodging        | |  2.1
Stealth        | |  1.5
Spellcasting   | |  2.1
Conjurations   | |  0.6
Summonings     | |  0.6
Translocations | |  0.6

Action                     |  1- 3 |  4- 6 |  7- 9 | 10-12 | 13-15 | 16-18 | 19-21 | 22-24 | 25-27 || total
---------------------------+-------+-------+-------+-------+-------+-------+-------+-------+-------++-------
  Melee: Hand axe          |   112 |   227 |       |       |    53 |       |       |       |       ||   392
         Headbutt          |    12 |    31 |    44 |    98 |   282 |   273 |   277 |   319 |    24 ||  1360
         War axe           |       |    48 |   194 |   382 |   865 |    37 |       |       |       ||  1526
         Broad axe         |       |       |    57 |    74 |   179 |  1094 |   925 |  1163 |    75 ||  3567
         Unarmed           |       |       |       |       |       |    19 |       |       |       ||    19
 Invoke: Call Merchant     |       |       |       |       |       |       |       |     6 |       ||     6
         Bribe Branch      |       |       |       |       |       |       |       |       |     1 ||     1
  Evoke: Wand              |       |       |     1 |       |       |     2 |       |       |       ||     3
         Condenser vane    |       |       |       |       |       |       |       |     1 |       ||     1
    Use: Scroll            |     2 |     3 |     5 |     4 |    18 |     9 |     9 |    10 |     2 ||    62
         Potion            |       |     1 |     3 |       |     2 |     1 |     2 |    25 |     1 ||    35
   Stab: Distracted        |       |       |     2 |     6 |    11 |    18 |    12 |    11 |       ||    60
         Petrified         |       |       |       |       |     6 |     3 |       |       |       ||     9
         Petrifying        |       |       |       |       |     1 |       |       |       |       ||     1
 Armour: Scale mail        |    78 |       |       |       |       |       |       |       |       ||    78
         Robe              |     1 |       |       |       |       |       |       |       |       ||     1
         Plate armour      |    35 |   241 |   158 |   118 |       |       |       |       |       ||   552
         Storm dragon scal |       |       |       |   135 |    24 |       |       |       |       ||   159
         Gold dragon scale |       |       |       |       |   578 |   806 |   548 |   744 |    35 ||  2711
         Skin              |       |       |       |       |       |     6 |       |       |       ||     6
  Dodge: Dodged            |    56 |    47 |    62 |    97 |   293 |   397 |   260 |   277 |     7 ||  1496
  Block: Buckler           |       |    21 |    43 |   180 |   348 |       |       |       |       ||   592
         Reflection        |       |       |     3 |    12 |    29 |   163 |    24 |    61 |     1 ||   293
         Kite shield       |       |       |       |       |   193 |  1187 |   888 |   374 |       ||  2642
         Other             |       |       |       |       |       |     2 |       |       |       ||     2
         Tower shield      |       |       |       |       |       |       |       |  1136 |    82 ||  1218

Table legend: (Time is in decaauts)
 A = Elapsed time spent in this place.
 B = Non-inter-level travel time spent in this place.
 C = Inter-level travel time spent in this place.
 D = Time resting spent in this place.
 E = Time spent auto-exploring this place.
 F = Levels seen in this place.
 G = Mean time per level.
                   A        B        C        D        E       F      G
               +--------+--------+--------+--------+--------+-----+--------+
         Total |  62887 |  56644 |   6243 |  14327 |  28168 |  56 | 1123.0 |
       Dungeon |  16367 |  13492 |   2875 |   2576 |   7772 |  15 | 1091.1 |
          Lair |   6118 |   5431 |    687 |    739 |   3620 |   5 | 1223.6 |
        Shoals |   5147 |   4878 |    269 |   1179 |   2473 |   4 | 1286.8 |
     Snake Pit |   4576 |   4274 |    302 |   1449 |   1625 |   4 | 1144.0 |
    Slime Pits |   1014 |    978 |     36 |    399 |     84 |   5 |  202.8 |
  Orcish Mines |   2059 |   1909 |    150 |    426 |   1048 |   2 | 1029.5 |
   Elven Halls |   3622 |   3431 |    191 |    579 |   1886 |   3 | 1207.3 |
        Vaults |   6600 |   6106 |    494 |   1831 |   2949 |   4 | 1650.0 |
        Depths |   6581 |   5708 |    873 |    995 |   3203 |   4 | 1645.2 |
           Zot |   7159 |   6798 |    361 |   2902 |   2501 |   5 | 1431.8 |
         Sewer |    614 |    614 |      0 |    258 |     91 |   1 |  614.0 |
        Bailey |   1169 |   1169 |      0 |    527 |    274 |   1 | 1169.0 |
      Ice Cave |    810 |    810 |      0 |    392 |    186 |   1 |  810.0 |
        Wizlab |    355 |    355 |      0 |      0 |    120 |   1 |  355.0 |
      Gauntlet |    690 |    690 |      0 |     73 |    334 |   1 |  690.0 |
               +--------+--------+--------+--------+--------+-----+--------+

Top non-repeatable levels by time:
Depths:1: 2407 daAuts
   Zot:1: 2186 daAuts
Vaults:1: 2176 daAuts
Shoals:3: 1826 daAuts
Vaults:4: 1821 daAuts
   Elf:3: 1816 daAuts
    D:11: 1698 daAuts
   Zot:3: 1696 daAuts
  Lair:2: 1680 daAuts
Shoals:4: 1535 daAuts
    D:15: 1531 daAuts
Depths:4: 1515 daAuts
Depths:2: 1481 daAuts
 Snake:4: 1447 daAuts
   Zot:2: 1437 daAuts
